 Dungeon Crawl Stone Soup version 0.29-a0-872-g797fff5ad1 (webtiles) character file.

Game seed: 17379899797695514865

956 mcwallace the Firebug (level 7, -4/57 HPs)
             Began as a Demigod Fire Elementalist on July 18, 2022.
             Slain by a gnoll sergeant
             ... wielding a +2 spear of flaming
              (8 damage)
             ... on level 5 of the Dungeon.
             The game lasted 00:09:45 (6749 turns).

mcwallace the Firebug (Demigod Fire Elementalist)   Turns: 6749, Time: 00:09:46

Health: -4/57      AC:  4    Str:  9    XL:     7   Next: 59%
Magic:  11/15      EV: 12    Int: 25    God:
Gold:   180        SH:  0    Dex: 14    Spells: 10/13 levels left

rFire   . . .      SeeInvis .   v - +1 whip (holy) {mace}
rCold   . . .      Faith    .   (no shield)
rNeg    + . .      Spirit   .   c - +0 leather armour
rPois   .          Reflect  .   (no helmet)
rElec   .          Harm     .   (no cloak)
rCorr   .          Rampage  .   (no gloves)
Will    .....                   g - +0 pair of boots
Stlth   ++........              (no amulet)
HPRegen 0.19/turn               s - ring of positive energy
MPRegen 0.14/turn               (no ring)

@: no status effects
A: high MP 1, forlorn, divine attributes
a: no special abilities


You were on level 5 of the Dungeon.
You visited 1 branch of the dungeon, and saw 5 of its levels.

You collected 180 gold pieces.


Innate Abilities, Weirdness & Mutations

You have an increased reservoir of magic. (+10% MP)
You shall have no god before yourself.
Your divine heritage dramatically boosts your attributes as you level up.


   Skills:
 + Level 3.1 Fighting
 + Level 2.6 Armour
 + Level 3.8 Dodging
 - Level 1.7 Stealth
 + Level 3.6 Spellcasting
 + Level 3.4 Conjurations
 + Level 4.3 Fire Magic


You had 10 spell levels left.
You knew the following spells:

 Your Spells              Type           Power      Damage    Failure   Level
a - Foxfire               Conj/Fire      92%        2x1d8     2%          1
b - Scorch                Fire           52%        2d7       3%          2

Your spell library contained the following spells:

 Spells                   Type           Power      Damage    Failure   Level
 Conjure Flame            Conj/Fire      23%        6-21      8%          3
 Sting                    Tmut/Pois      16%        1d3       13%         1
 Inner Flame              Hex/Fire       15%        N/A       16%         3
 Poisonous Vapours        Pois/Air       8%         N/A       21%         2
 Flame Wave               Conj/Fire      23%        2d7       26%         4
 Olgreb's Toxic Radiance  Pois           4%         N/A       78%         4

Inventory:

Hand Weapons
 e - a +0 dagger {short}
   (You took it off a kobold on level 1 of the Dungeon)
 f - a +0 short sword {short}
   (You took it off a kobold on level 1 of the Dungeon)
 v - a +1 whip of holy wrath (weapon) {mace}
   (You took it off a kobold on level 3 of the Dungeon)
 w - a +0 dagger of venom {short}
   (You took it off a goblin on level 3 of the Dungeon)
Missiles
 m - 30 stones {throwing}
 t - 12 poisoned darts {throwing}
Armour
 a - a +0 robe
 c - a +0 leather armour (worn)
   (You found it on level 1 of the Dungeon)
 g - a +0 pair of boots (worn)
   (You found it on level 1 of the Dungeon)
 i - a +0 ring mail
   (You found it on level 1 of the Dungeon)
 q - a +0 plate armour
   (You found it on level 3 of the Dungeon)
 x - a +0 leather armour
   (You found it on level 3 of the Dungeon)
 B - a +0 robe
   (You took it off Sigmund on level 4 of the Dungeon)
 H - a +0 robe
   (You found it on level 4 of the Dungeon)
Jewellery
 s - a ring of positive energy (left hand)
   (You found it on level 3 of the Dungeon)
Wands
 D - a wand of polymorph (3)
   (You took it off Natasha on level 3 of the Dungeon)
 J - a wand of light (11)
   (You found it on level 4 of the Dungeon)
Scrolls
 d - 3 scrolls of identify {unknown}
 l - a scroll of enchant armour {unknown}
 n - a scroll of vulnerability {unknown}
 o - 2 scrolls of enchant weapon {unknown}
 p - a scroll of fog {unknown}
 r - a scroll of immolation {unknown}
 y - a scroll of amnesia {unknown}
 z - a scroll of summoning {unknown}
 A - a scroll of teleportation {unknown}
Potions
 b - 2 potions of magic
 h - a potion of ambrosia {unknown}
 j - a potion of curing {unknown}
 k - a potion of cancellation {unknown}
 u - a potion of invisibility {unknown}
 C - a potion of haste {unknown}
 E - a potion of mutation {unknown}
 F - a potion of berserk rage {unknown}
 G - 2 potions of heal wounds {unknown}
 I - a potion of lignification {unknown}
 K - 2 potions of brilliance {unknown}

Dungeon Overview and Level Annotations

Branches:
Dungeon (5/15) Zot: 23217
 Temple: D:4-7

Shops:
D:4 *

Annotations:
D:4 1 runed translucent door, Palms's ghost, amateur GrFi

##### #....# #...>#
#....# ### #....####.##
######.
#....##.)5.##.......
####....##g##.v#..<....
#........W.###h#ยง.....)
.##..@hg### #.gWh.....
#..โ€ ..## ##gg......
#......######)5.....
#...##.....# .......
#..#####...# ....... #..
##.# ....... .... ...
###..#. ....# #.. ..#
##.. #.


You could see a phantom, a gnoll sergeant, a hound, a gnoll and an ufetubus.


Message History

Found a club.
Found a stone staircase leading up.
The gnoll shouts! x4
A gnoll comes into view. It is wielding a +0 flail.
You hear a bark!
Casting: Foxfire (safe; 2% risk of failure)
Press: ? - help, Q - select action, (/) - cycle Dir - look around, f - activate You conjure some foxfire! ๐Ÿ˜Ž MP[-1]
You lost 1 mp, and now have 14/15 mp.
Casting: Foxfire (safe; 2% risk of failure)
Press: ? - help, Q - select action, (/) - cycle Dir - look around, f - activate You conjure some foxfire!
The foxfire hits the gnoll!
The foxfire hits the gnoll.
A hound comes into view. x2
The gnoll hits you with a +0 club. ๐Ÿ˜• HP[-3] MP[-1]
You take 3 damage, and now have 54/57 hp.
You lost 1 mp, and now have 13/15 mp.
Casting: Foxfire (safe; 2% risk of failure)
Press: ? - help, Q - select action, (/) - cycle Dir - look around, f - activate You conjure some foxfire!
The foxfire hits the gnoll but does no damage.
The foxfire hits the gnoll.
You kill the gnoll! ๐Ÿ˜• MP[-1]
You lost 1 mp, and now have 12/15 mp.
Casting: Foxfire (safe; 2% risk of failure)
Press: ? - help, Q - select action, (/) - cycle Dir - look around, f - activate You conjure some foxfire!
The foxfire hits the gnoll!
The foxfire hits the gnoll.
The gnoll hits you but does no damage.
The gnoll sergeant hits you from afar with a +2 spear of flaming!
The gnoll sergeant burns you.
The gnoll hits you from afar with a +0 spear. ๐Ÿ˜ฎ HP[-17] MP[-1]
You take 17 damage, and now have 37/57 hp.
MASSIVE DAMAGE!! (PAUSE)
You lost 1 mp, and now have 11/15 mp.
The foxfire hits the gnoll sergeant. ๐Ÿ˜ฎ HP[+1] ๐Ÿ˜ฎ MP[+1]
Casting: Foxfire (safe; 2% risk of failure)
Press: ? - help, Q - select action, (/) - cycle Dir - look around, f - activate You conjure some foxfire!
An ufetubus comes into view.
The gnoll misses you. ๐Ÿ˜ฎ MP[-1]
You lost 1 mp, and now have 11/15 mp. ๐Ÿ˜ฎ HP[+1]
The foxfire hits the gnoll.
Casting: Foxfire (safe; 2% risk of failure)
Press: ? - help, Q - select action, (/) - cycle Dir - look around, f - activate You conjure some foxfire!
The gnoll closely misses you. ๐Ÿ˜ฎ MP[-1]
You lost 1 mp, and now have 10/15 mp.
The foxfire hits the gnoll.
You kill the gnoll!
The foxfire hits the hound.
Casting: Foxfire (safe; 2% risk of failure)
Press: ? - help, Q - select action, (/) - cycle Dir - look around, f - activate You conjure some foxfire!
The foxfire hits the hound.
You hit the hound.
The foxfire hits the hound.
The hound pauses to sniff the ground.
The hound bites you.
You hit the hound. The hound bites you but does no damage.
You barely miss the hound. The hound barely misses you. The hound bites you.
The gnoll sergeant hits you from afar with a +2 spear of flaming.
The gnoll sergeant burns you.
* * * LOW HITPOINT WARNING * * *
๐Ÿ˜จ HP[-13]
You take 13 damage, and now have 26/57 hp.
MASSIVE DAMAGE!! (PAUSE)
You hit the hound.
You kill the hound!
The hound bites you but does no damage.
The gnoll sergeant hits you from afar with a +2 spear of flaming.
* * * LOW HITPOINT WARNING * * *
The gnoll sergeant burns you.
* * * LOW HITPOINT WARNING * * *
The hound closely misses you.
The gnoll sergeant hits you from afar with a +2 spear of flaming!
* * * LOW HITPOINT WARNING * * *
The gnoll sergeant burns you.
* * * LOW HITPOINT WARNING * * *
๐Ÿ˜ฑ HP[-20]
You take 20 damage, and now have 6/57 hp.
MASSIVE DAMAGE!! (PAUSE)
The hound attacks as you move away! The hound bites you.
* * * LOW HITPOINT WARNING * * *
The hound bites you.
* * * LOW HITPOINT WARNING * * *
๐Ÿ˜ฑ HP[-3]
You take 3 damage, and now have 3/57 hp.
There is a stone staircase leading up, spattered with blood here. ๐Ÿ˜ฑ HP[+1]
The hound bites you but does no damage. The hound barely misses you.
The gnoll sergeant hits you from afar with a +2 spear of flaming!
You die...

Skill      XL: |  1  2  3  4  5  6  7 |
---------------+----------------------+-----
Conjurations   | 1 2 3 |  3.4
Dodging        | 2 3 |  3.8
Spellcasting   | 2 3 |  3.6
Fire Magic     | 3 4 |  4.3
Fighting       | 1 2 3 |  3.1
Armour         | 1 2 |  2.6
Stealth        | |  1.7

Action                   |  1- 3 |  4- 6 |  7- 9 || total
-------------------------+-------+-------+-------++-------
Melee: Dagger            |    19 |       |       ||    19
       Unarmed           |     7 |     5 |       ||    12
       Short sword       |    56 |       |       ||    56
       Whip              |    30 |    48 |     5 ||    83
       Punch             |     1 |       |       ||     1
 Cast: Foxfire           |    67 |    43 |    14 ||   124
       Scorch            |       |    11 |     4 ||    15
Evoke: Wand              |       |     3 |       ||     3
 Stab: Sleeping          |     3 |       |       ||     3
       Paralysed         |       |    17 |       ||    17
Armor: Robe              |    20 |       |       ||    20
       Leather armour    |     4 |     6 |     4 ||    14
Dodge: Dodged            |    81 |    40 |    10 ||   131

Levels and vault maps discovered:
D:1:      co_arrival_square_in_a_square_in_a_square, layout_rooms,
          shapermc_ecumenical_altar_gd
D:2:      layout_loops_ring
D:3:      layout_basic
D:4:      layout_loops_corners, slow_altar_2, ebering_ghost_reflecting_pool,
          minmay_shop_mass, uniq_sigmund, uniq_natasha, uniq_grinder
D:5:      layout_rooms, trog_hazing_becter

Notes
Turn   | Place    | Note
-------+----------+-------------------------------------------
     0 | D:1      | mcwallace the Demigod Fire Elementalist began the quest for
                  | the Orb.
     0 | D:1      | Reached XP level 1. HP: 14/14 MP: 5/5
     0 | D:1      | magus.rc [v1.9.6]
   221 | D:1      | Reached skill level 1 in Conjurations
   610 | D:1      | Reached skill level 2 in Dodging
   610 | D:1      | Reached XP level 2. HP: 22/22 MP: 4/7
   787 | D:1      | Reached skill level 2 in Spellcasting
  1531 | D:2      | Reached XP level 3. HP: 20/27 MP: 1/8
  1609 | D:2      | Reached skill level 3 in Fire Magic
  1674 | D:2      | Reached skill level 1 in Fighting
  3505 | D:3      | Learned a level 2 spell: Scorch
  3648 | D:4      | Reached XP level 4. HP: 35/35 MP: 10/10
  4189 | D:4      | Noticed a bullfrog
  4195 | D:4      | Killed a bullfrog
  4196 | D:4      | Reached skill level 2 in Conjurations
  4406 | D:4      | Noticed Grinder
  4407 | D:4      | Noticed Natasha
  4415 | D:4      | HP: 1/35 [orc priest/divine providence (11)]
  4846 | D:4      | Reached XP level 5. HP: 18/40 MP: 1/11
  4856 | D:4      | HP: 5/40 [Natasha (6)]
  4867 | D:3      | Killed Natasha
  4868 | D:3      | Reached skill level 1 in Armour
  5202 | D:3      | Noticed Natasha
  5214 | D:3      | Killed Natasha
  5386 | D:3      | Noticed Natasha
  5401 | D:3      | Killed Natasha
  5484 | D:4      | Found Qogeah's Mass Market.
  5488 | D:4      | Reached skill level 2 in Fighting
  5552 | D:4      | Reached skill level 3 in Dodging
  5574 | D:4      | Reached XP level 6. HP: 23/48 MP: 2/13
  5963 | D:4      | Found a runed translucent door.
  5970 | D:4      | Noticed Palms's ghost (amateur GrFi)
  5974 | D:4      | You add the spells Sting, Poisonous Vapours and Olgreb's
                  | Toxic Radiance to your library.
  6125 | D:4      | Paralysed by Grinder for 5 turns
  6126 | D:4      | Killed Grinder
  6127 | D:4      | Reached skill level 3 in Spellcasting
  6273 | D:4      | Noticed Sigmund
  6302 | D:4      | Killed Sigmund
  6303 | D:4      | Reached skill level 2 in Armour
  6303 | D:4      | Reached skill level 3 in Conjurations
  6303 | D:4      | Reached skill level 4 in Fire Magic
  6303 | D:4      | Reached XP level 7. HP: 48/56 MP: 9/15
  6534 | D:5      | Entered Level 5 of the Dungeon
  6628 | D:5      | Reached skill level 3 in Fighting
  6746 | D:5      | HP: 10/57 [gnoll sergeant/+2 spear of flaming (11)]
  6747 | D:5      | HP: 4/57 [hound (2)]
  6749 | D:5      | Slain by a gnoll sergeant

Vanquished Creatures
  Grinder (D:4)
  Sigmund (D:4)
  A water moccasin (D:5)
  An ice beast (D:5)
  A scorpion (D:4)
  A bullfrog (D:4)
  An orc priest (D:4)
  2 hounds
  Natasha (thrice) (D:3)
  An iguana (D:5)
  2 gnolls (D:5)
  3 adders (D:2)
  2 worms (D:2)
  3 ball pythons
  7 endoplasms
  4 giant cockroaches
  9 goblins
  6 hobgoblins
  3 quokkas
  4 bats
  7 kobolds
  5 rats
68 creatures vanquished.

Vanquished Creatures (others)
  201 foxfires
201 creatures vanquished.

Grand Total: 269 creatures vanquished

Table legend:
 A = Non-vault XP
 B = Vault XP
 C = Vault XP percentage of total XP
 D = Non-vault monster count
 E = Vault monster count
 F = Vault count percentage of total count
                 A         B        C        D         E       F
            +---------+---------+-------+---------+---------+-------
      Total |     847 |     519 |  38.0 |      65 |       3 |   4.4
            +---------+---------+-------+---------+---------+-------
        D:1 |      27 |       0 |   0.0 |      15 |       0 |   0.0
        D:2 |      74 |       0 |   0.0 |      20 |       0 |   0.0
        D:3 |      83 |      35 |  29.7 |       9 |       1 |  10.0
        D:4 |     270 |     484 |  64.2 |      15 |       2 |  11.8
        D:5 |     393 |       0 |   0.0 |       6 |       0 |   0.0
            +---------+---------+-------+---------+---------+-------

Illustrated notes

Table legend:
 A = Kills in this place as a percentage of kills in entire the game.
 B = Kills by you in this place as a percentage of kills by you in the entire game.
 C = Kills by friends in this place as a percentage of kills by friends in the entire game.
 D = Other kills in this place as a percentage of other kills in the entire game.
 E = Experience gained in this place as a percentage of experience gained in the entire game.
 F = Experience gained in this place divided by the number of levels of this place that you have seen.
                   A       B       C       D       E      F
               +-------+-------+-------+-------+-------+----------------------
         Total | 100.0 | 100.0 |   N/A |   N/A | 100.0 | 273.2
       Dungeon | 100.0 | 100.0 |   N/A |   N/A | 100.0 | 273.2
               +-------+-------+-------+-------+-------+----------------------

Table legend: (Time is in decaauts)
 A = Elapsed time spent in this place.
 B = Non-inter-level travel time spent in this place.
 C = Inter-level travel time spent in this place.
 D = Time resting spent in this place.
 E = Time spent auto-exploring this place.
 F = Levels seen in this place.
 G = Mean time per level.
                   A        B        C        D        E       F      G
               +--------+--------+--------+--------+--------+-----+--------+
         Total |   6781 |   6470 |    311 |   1081 |   4572 |   5 | 1356.2 |
       Dungeon |   6781 |   6470 |    311 |   1081 |   4572 |   5 | 1356.2 |
               +--------+--------+--------+--------+--------+-----+--------+

Top non-repeatable levels by time:
     D:3: 2415 daAuts
     D:4: 1666 daAuts
     D:2: 1316 daAuts
     D:1: 1239 daAuts
     D:5: 143 daAuts
